 Dungeon Sprint DCSS version 0.21-a0-264-g3e31e41 (webtiles) character file.

7718 Kidiri the Unseen (level 11, -1/56 HPs)
             Began as a Spriggan Enchanter on Sept 9, 2017.
             Was the Champion of Dithmenos.
             Slain by a seven-headed hydra (17 damage)
             ... in the Dungeon (Sprint III: "The Ten Rune Challenge").
             The game lasted 00:09:59 (1067 turns).

Kidiri the Unseen (Spriggan Enchanter)              Turns: 1067, Time: 00:10:02

Health: -1/56      AC:  4    Str:  4    XL:     11   Next: 0%
Magic:  12/28      EV: 31    Int: 21    God:    Dithmenos [******]
Gold:   34         SH:  0    Dex: 20    Spells: 17/34 levels left

rFire    . . .     SeeInvis +   a - +1 dagger
rCold    . . .     Gourm    .   (shield restricted)
rNeg     . . .     Faith    .   s - +2 robe
rPois    .         Spirit   .   (helmet restricted)
rElec    .         Reflect  .   (no cloak)
rCorr    .         Harm     .   (gloves unavailable)
MR       +....     NoTele   +   (boots unavailable)
Stlth    ++++++....             (no amulet)
HPRegen  0.18/turn              (no ring)
MPRegen  0.21/turn              (no ring)

@: wreathed by umbra, slow
A: unfitting armour, see invisible, agile 1, clever 1, herbivore 3, speed 3,
slow metabolism 2, evolution 1
a: Shadow Step, Shadow Form, Renounce Religion


You were in the Dungeon.
You worshipped Dithmenos.
Dithmenos was exalted by your worship.
You were not hungry.

You visited 1 branch You collected 34 gold pieces.

Inventory:

Hand Weapons
 a - a +1 dagger (weapon)
Armour
 s - a +2 robe (worn)
Scrolls
 j - a scroll of blinking
 k - 2 scrolls of torment {unknown}
 l - 3 scrolls of identify
 m - 2 scrolls of recharging {unknown}
Potions
 e - 3 potions of mutation
 f - a potion of heal wounds
 g - a potion of haste
 h - a potion of magic
 n - 3 potions of flight
 q - 2 potions of curing
 r - a potion of berserk rage
Books
 c - a book of Maledictions

   Spells                             Type                      Level
   a - Corona                         Hexes                        1
   b - Ensorcelled Hibernation        Hexes/Ice                    2
   c - Confuse                        Hexes                        3
   d - Tukima's Dance                 Hexes                        3
   e - Dazzling Spray                 Conjuration/Hexes            3
 o - a book of Minor Magic

   Spells                             Type                      Level
   a - Magic Dart                     Conjuration                  1
   b - Blink                          Translocation                2
   c - Call Imp                       Summoning                    2
   d - Slow                           Hexes                        2
   e - Conjure Flame                  Conjuration/Fire             3
   f - Mephitic Cloud                 Conjuration/Poison/Air       3
 p - a book of Cantrips

   Spells                             Type                      Level
   a - Confusing Touch                Hexes                        1
   b - Animate Skeleton               Necromancy                   1
   c - Summon Small Mammal            Summoning                    1
   d - Apportation                    Translocation                1
Comestibles
 d - 2 bread rations
 i - 22 royal jellies


   Skills:
 + Level 5.7 Fighting
 * Level 10.9 Short Blades
 + Level 5.4 Armour
 * Level 13.8 Dodging
 * Level 15.3 Stealth
 * Level 12.0 Spellcasting
 + Level 4.7 Conjurations
 + Level 9.3 Hexes
 + Level 8.2 Translocations
 + Level 5.6 Ice Magic
 + Level 5.2 Air Magic
 + Level 5.7 Poison Magic


You had 17 spell levels left.
You knew the following spells:

 Your Spells              Type           Power        Failure   Level  Hunger
a - Corona                Hex            ######.      1%          1    None
b - Ensorcelled Hibernat  Hex/Ice        #####.       1%          2    None
c - Confuse               Hex            ######..     1%          3    None
d - Tukima's Dance        Hex            ######..     1%          3    None
e - Dazzling Spray        Conj/Hex       #####.       1%          3    None
f - Mephitic Cloud        Conj/Pois/Air  ####....     1%          3    None
g - Blink                 Tloc           N/A          1%          2    None


Dungeon Overview and Level Annotations

Branches:
Dungeon (1/1)

Altars:
Cheibriados
Dithmenos
Elyvilon
Fedhas
Gozag
Hepliaklqana
Kikubaaqudgha
Makhleb
Nemelex Xobeh
Okawaru
Qazlal
Ru
Sif Muna
Trog
Uskayaw
Vehumet
Wu Jian
Xom
Yredelemnul
Zin
The Shining One
Beogh
Jiyva
Lugonu

Annotations:
D exclusion: 2 doors


Innate Abilities, Weirdness & Mutations

You are very small and have problems with some larger weapons.
You are too small for most types of armour.
You have supernaturally acute eyesight. (SInv)
You are a herbivore.
You cover ground extremely quickly.
You need consume almost no food.
You are agile. (Dex +2)
Your mind is acute. (Int +2)
You evolve.


Message History

The seven-headed hydra bites you!
You emit a cloud of dark smoke.
The seven-headed hydra bites you.
The seven-headed hydra completely misses you.
The seven-headed hydra barely misses you.
The six-headed hydra completely misses you. x4
The six-headed hydra closely misses you.
The six-headed hydra completely misses you.
Unknown command.
Really walk into a travel-excluded area?
You enter the shallow water.
Moving in this stuff is going to be slow.
Really walk into a travel-excluded area?
The six-headed hydra completely misses you.
The six-headed hydra bites you.
The six-headed hydra completely misses you.
The six-headed hydra misses you. The six-headed hydra barely misses you.
The six-headed hydra bites you!
* * * LOW HITPOINT WARNING * * *
You emit a cloud of dark smoke.
The seven-headed hydra bites you!
You die...

▓▓▓▓▓▓▓▓▓▓▓▓▓▓▓▓▓▓▓▓▓▓▓▓▓#.#.#.#.
♣≈≈≈........≈≈≈...##.#.#.#
+♣♣'♣≈≈≈≈≈≈≈≈≈≈≈≈♣♣P.'.#.#.#.
#.≈♣♣♣♣♣♣♣♣♣♣♣♣♣♣♣♣PP##.#.#.#
#.%♣♣ ♣♣♣ #+#####
###'♣♣♣♣♣♣♣♣♣♣♣♣♣♣♣
♣♣♣♣.##..##≈≈≈§§§§§#
♣...##.##.#≈§§D§§§§#
♣♣.##.##.##'§@D§§###
♣..#.##...#§§§§§§.§§
♣♣.##.##.)#≈..+#####
♣♣.##.#####...# ♣.....# .....#
####### +######


You could see a seven-headed hydra and a six-headed hydra.

Vanquished Creatures
  Erica (D)
  A centaur warrior (D)
  Urug (D)
  An unseen horror (D)
  A lindwurm (D)
  A deep elf mage (D)
  2 spiny frogs (D)
  A komodo dragon (D)
  3 wandering mushrooms (D)
  A queen bee (D)
  2 tyrant leeches (D)
  3 redbacks (D)
  A shadow (D)
  A spatial vortex (D)
  A necrophage (D)
  2 centaurs (D)
  An earth elemental (D)
  A water elemental (D)
  21 killer bees (D)
  An electric eel (D)
  A jelly (D)
  A wizard (D)
  A necromancer (D)
  3 humans (D)
  A kobold demonologist (D)
  A wolf (D)
  An ooze (D)
  3 rats (D)
59 creatures vanquished.

Vanquished Creatures (collateral kills)
  5 killer bees (D)
5 creatures vanquished.

Vanquished Creatures (others)
  2 draconian scorchers (D)
  6 hellions (D)
  2 yaktaurs (D)
  6 killer bees (D)
16 creatures vanquished.

Grand Total: 80 creatures vanquished

Notes
Turn   | Place    | Note
-------+----------+-------------------------------------------
     0 | D        | Kidiri the Spriggan Enchanter began the quest for the Orb.
     0 | D        | Reached XP level 1. HP: 9/9 MP: 5/5
    53 | D        | Noticed a wolf
    56 | D        | Killed a wolf
    56 | D        | Reached skill level 1 in Armour
    56 | D        | Reached skill level 5 in Stealth
    56 | D        | Reached XP level 2. HP: 14/14 MP: 5/7
    58 | D        | Killed a yaktaur
    61 | D        | Learned a level 2 spell: Ensorcelled Hibernation
    73 | D        | Reached skill level 1 in Fighting
    73 | D        | Reached skill level 5 in Dodging
    73 | D        | Reached skill level 6 in Stealth
    73 | D        | Reached XP level 3. HP: 15/18 MP: 0/9
    84 | D        | Learned a level 3 spell: Confuse
    88 | D        | Learned a level 3 spell: Tukima's Dance
   101 | D        | Gained mutation: Your mind is acute. (Int +2) [potion of mutation]
   101 | D        | Gained mutation: You occasionally shout uncontrollably at your foes. [potion of mutation]
   101 | D        | Gained mutation: Your mind is very acute. (Int +4) [potion of mutation]
   102 | D        | Lost mutation: Your mind is very acute. (Int +4) [potion of mutation]
   102 | D        | Lost mutation: You occasionally shout uncontrollably at your foes. [potion of mutation]
   102 | D        | Gained mutation: You evolve. [potion of mutation]
   102 | D        | Gained mutation: You are agile. (Dex +2) [potion of mutation]
   124 | D        | Killed a hellion
   140 | D        | Killed a hellion
   150 | D        | Killed a hellion
   152 | D        | Killed a hellion
   152 | D        | Killed a hellion
   165 | D        | Noticed a water elemental
   174 | D        | Killed a water elemental
   174 | D        | Reached skill level 7 in Stealth
   174 | D        | Reached skill level 5 in Spellcasting
   174 | D        | Reached skill level 1 in Ice Magic
   174 | D        | Reached XP level 4. HP: 22/22 MP: 10/12
   189 | D        | Killed a hellion
   196 | D        | Learned a level 3 spell: Dazzling Spray
   216 | D        | Noticed a shadow
   218 | D        | Killed a shadow
   218 | D        | Reached skill level 5 in Short Blades
   218 | D        | Reached skill level 8 in Stealth
   218 | D        | Reached skill level 1 in Conjurations
   218 | D        | Reached skill level 5 in Hexes
   218 | D        | Reached XP level 5. HP: 26/26 MP: 12/14
   220 | D        | Reached skill level 9 in Stealth
   220 | D        | Reached XP level 6. HP: 32/32 MP: 10/16
   227 | D        | Killed a white draconian scorcher
   237 | D        | Killed a white draconian scorcher
   261 | D        | Found a blossoming altar of Fedhas.
   261 | D        | Found a stormy altar of Qazlal.
   261 | D        | Found a snail-covered altar of Cheibriados.
   261 | D        | Found a burning altar of Makhleb.
   261 | D        | Found a shimmering altar of Xom.
   261 | D        | Noticed a spatial vortex
   262 | D        | Found a hazy altar of Hepliaklqana.
   262 | D        | Found an opulent altar of Gozag.
   262 | D        | Found a sparkling altar of Nemelex Xobeh.
   262 | D        | Found a corrupted altar of Lugonu.
   262 | D        | Found a viscous altar of Jiyva.
   280 | D        | Found a basalt altar of Yredelemnul.
   280 | D        | Found a shadowy altar of Dithmenos.
   280 | D        | Found a sacrificial altar of Ru.
   293 | D        | Became a worshipper of Dithmenos the Shadowed
   309 | D        | Found a radiant altar of Vehumet.
   310 | D        | Found a deep blue altar of Sif Muna.
   310 | D        | Found an ancient bone altar of Kikubaaqudgha.
   313 | D        | Reached * piety under Dithmenos
   322 | D        | Learned a level 3 spell: Mephitic Cloud
   325 | D        | Learned a level 2 spell: Blink
   335 | D        | Found a glowing silver altar of Zin.
   336 | D        | Found a glowing golden altar of the Shining One.
   336 | D        | Found a white marble altar of Elyvilon.
   336 | D        | Noticed a deep elf mage
   338 | D        | Killed a deep elf mage
   338 | D        | Reached skill level 10 in Dodging
   338 | D        | Reached skill level 10 in Stealth
   338 | D        | Reached skill level 1 in Air Magic
   338 | D        | Reached skill level 1 in Poison Magic
   338 | D        | Reached XP level 7. HP: 36/36 MP: 17/19
   348 | D        | Found an ornate altar of the Wu Jian Council.
   348 | D        | Found a roughly hewn altar of Beogh.
   348 | D        | Found an iron altar of Okawaru.
   348 | D        | Found a bloodstained altar of Trog.
   348 | D        | Found a hide-covered altar of Uskayaw.
   348 | D        | Noticed a human
   350 | D        | Noticed a human
   355 | D        | Killed a human
   355 | D        | Reached skill level 11 in Stealth
   359 | D        | Killed a human
   359 | D        | Reached ** piety under Dithmenos
   359 | D        | Reached XP level 8. HP: 42/42 MP: 14/21
   545 | D        | Noticed Erica
   548 | D        | Killed Erica
   548 | D        | Reached skill level 12 in Stealth
   579 | D        | Noticed a centaur warrior
   581 | D        | Killed a centaur warrior
   581 | D        | Reached skill level 13 in Stealth
   581 | D        | Reached skill level 10 in Spellcasting
   581 | D        | Reached skill level 5 in Translocations
   581 | D        | Reached XP level 9. HP: 46/46 MP: 18/24
   582 | D        | Reached *** piety under Dithmenos
   624 | D        | Noticed an unseen horror
   626 | D        | Killed an unseen horror
   636 | D        | Noticed a queen bee
   641 | D        | Reached **** piety under Dithmenos
   647 | D        | Reached ***** piety under Dithmenos
   655 | D        | Killed a queen bee
   655 | D        | Reached skill level 5 in Fighting
   655 | D        | Reached XP level 10. HP: 51/51 MP: 10/25
   674 | D        | Reached ****** piety under Dithmenos
   680 | D        | Reached skill level 14 in Stealth
   789 | D        | Reached skill level 10 in Short Blades
   791 | D        | Reached skill level 5 in Ice Magic
   867 | D        | Noticed a spiny frog
   867 | D        | Noticed a spiny frog
   869 | D        | Killed a spiny frog
   869 | D        | Reached skill level 5 in Armour
   870 | D        | Killed a spiny frog
   870 | D        | Reached skill level 5 in Poison Magic
   993 | D        | Noticed a lindwurm
   995 | D        | Killed a lindwurm
   995 | D        | Reached skill level 15 in Stealth
   995 | D        | Reached skill level 5 in Air Magic
  1050 | D        | Noticed Urug
  1052 | D        | Killed Urug
  1057 | D        | Noticed a seven-headed hydra
  1057 | D        | Noticed a six-headed hydra
  1062 | D        | Reached XP level 11. HP: 56/56 MP: 15/28
  1067 | D        | Slain by a seven-headed hydra

Vault maps used:
D:        dungeon_sprint_mu

Skill      XL: |  1  2  3  4  5  6  7  8  9 10 |
---------------+-------------------------------+-----
Spellcasting   | 3 4 5 6 8 10 12 | 12.0
Short Blades   | 2 3 4 5 7 9 10 | 10.9
Armour         | 1 2 3 4 5 |  5.4
Dodging        | 4 5 6 7 10 11 12 13 | 13.8
Stealth        | 5 6 7 8 9 10 11 13 15 | 15.3
Hexes          | 4 5 6 7 8 9 |  9.3
Fighting       | 1 2 3 4 5 |  5.7
Ice Magic      | 1 2 3 4 5 |  5.6
Conjurations   | 1 2 3 4 |  4.7
Translocations | 2 3 5 6 8 |  8.2
Air Magic      | 1 2 3 4 5 |  5.2
Poison Magic   | 1 2 3 4 5 |  5.7

Action                   |  1- 3 |  4- 6 |  7- 9 | 10-12 || total
-------------------------+-------+-------+-------+-------++-------
Melee: Dagger            |    23 |     8 |    21 |    49 ||   101
 Cast: Corona            |     3 |       |       |       ||     3
       Ensorcelled Hiber |     1 |     1 |     2 |    12 ||    16
       Dazzling Spray    |       |     1 |     7 |     1 ||     9
       Mephitic Cloud    |       |       |     6 |       ||     6
       Confuse           |       |       |       |     9 ||     9
Invok: Shadow Step       |       |       |     1 |     8 ||     9
  Use: Potion            |     4 |       |       |     1 ||     5
 Stab: Sleeping          |     4 |     7 |     8 |    13 ||    32
       Confused          |       |       |     2 |     6 ||     8
Armor: Robe              |     1 |       |       |     1 ||     2
Dodge: Dodged            |    14 |     1 |     4 |    34 ||    53

Table legend:
 A = Spawn XP
 B = Non-spawn XP
 C = Spawn XP percentage of total XP
 D = Spawn monster count
 E = Non-spawn monster count
 F = Spawn count percentage of total count
 G = Total turns spent on level
                    A         B        C        D         E        F      G
               +---------+---------+-------+---------+---------+-------+---------
         Total |       0 |   11026 |   0.0 |       0 |      70 |   0.0 |  1067
               +---------+---------+-------+---------+---------+-------+---------
             D |       0 |   11026 |   0.0 |       0 |      70 |   0.0 |  1067
               +---------+---------+-------+---------+---------+-------+---------
